Map: Dusk Towers

Players

Lambo - Winner!

  • Race: Zerg Zerg
  • League: Grandmaster

Reynor

  • Race: Zerg Zerg
  • League: Grandmaster

Event: DreamHack ROCCAT LotV Championship

VOD

Have the link to the VOD?

Description

Time

  • Played on: Nov. 26, 2015, 7:54 a.m.
  • Length: 9:27

All games in this series

Show
View Real Time Build Order
Export as new Build Order

Lambo Zerg - Winner!

Build Orders: Hatch First 

Get SALT Encoding   

  12  0:01  Drone  
  13  0:12  Overlord  
  13  0:17  Drone  
  14  0:30  Drone x2  
  17  0:35  Drone  
  17  0:52  Hatchery  
  17  0:54  Drone  
  17  1:07  Spawning Pool  
  17  1:09  Extractor  
  15  1:13  Drone  
  15  1:15  Drone  
  17  1:19  Drone  
  18  1:28  Drone  
  19  1:39  Overlord  
  19  1:51  Drone  
  19  1:54  Queen  
  20  2:00  Zergling x2  
  23  2:04  Drone, Queen  
  26  2:09  Metabolic Boost  
  26  2:11  Drone  
  27  2:20  Evolution Chamber  
  27  2:22  Drone x2  
  28  2:30  Drone  
  28  2:36  Overlord  
  29  2:46  Zerg Melee Weapons Level 1  
  29  2:51  Zergling x4  
  31  3:01  Hatchery  
  29  3:08  Zergling x10  
  34  3:14  Baneling Nest  
  34  3:15  Drone  
  34  3:21  Drone  
  34  3:22  Drone  
  36  3:27  Drone x2  
  38  3:34  Zergling x6  
  40  3:42  Overlord  
  40  3:50  Overlord  
  40  3:51  Zergling x2  
  40  3:52  Zergling x4  
  43  3:58  Overlord  
  43  4:00  Baneling x2  
  43  4:01  Baneling x3  
  43  4:06  Zergling x4  
  44  4:10  Zergling x4  
  46  4:19  Drone x3  
  46  4:21  Queen  
  52  4:24  Zergling x2  
  52  4:26  Baneling x2  
  51  4:37  Zergling x10  
  54  4:48  Zergling x8  
  56  4:56  Roach Warren  
  53  5:03  Zergling x4  
  49  5:09  Baneling x5  
  50  5:14  Drone x5  
  50  5:16  Extractor  
  50  5:18  Zergling x8  
  57  5:25  Zergling x6  
  56  5:30  Zergling x4  
  57  5:36  Zergling x4  
  58  5:47  Zergling x6  
  58  5:48  Zergling x4  
  57  5:56  Zergling x8  
  58  6:01  Drone x3  
  58  6:02  Baneling x2  
  61  6:06  Drone x3  
  62  6:14  Zergling x6  
  61  6:21  Zergling x4  
  62  6:27  Baneling x6  
  62  6:30  Drone x3  
  62  6:32  Zergling x10  
  69  6:39  Zergling x2  
  65  6:40  Zergling x6  
  65  6:43  Zergling x2  
  65  6:44  Zergling x2  
  65  6:47  Extractor  
  63  6:57  Roach x4  
  63  7:00  Drone x3  
  74  7:03  Overlord  
  74  7:04  Drone x2  
  73  7:08  Overlord  
  73  7:10  Overlord  
  73  7:12  Overlord  
  71  7:29  Roach x9  
  79  7:39  Roach x3  
  79  7:40  Zergling x2  
  85  7:52  Roach x2, Zergling x14  
  85  7:55  Overlord  
  96  7:59  Baneling x2  
  96  8:04  Roach x2  
  100  8:13  Baneling x2  
  100  8:14  Zergling x2  
  100  8:15  Zergling x8  
  105  8:21  Zergling x2  
  105  8:22  Zergling x12  
  110  8:30  Zergling x2  
  110  8:31  Zergling x4  
  111  8:44  Zergling x10  
  112  8:49  Queen  
  113  8:57  Overlord, Baneling x7  
  109  9:03  Baneling x4  
  109  9:06  Zergling x8  
  109  9:07  Zergling x8  
Show
View Real Time Build Order
Export as new Build Order

Reynor Zerg 

Build Orders: Hatch First, Zergling Baneling 

Get SALT Encoding   

  12  0:03  Drone  
  13  0:12  Drone  
  14  0:17  Overlord  
  14  0:25  Drone, Extractor  
  15  0:35  Drone  
  16  0:36  Drone  
  17  0:55  Hatchery  
  16  0:57  Drone  
  16  1:00  Drone  
  16  1:03  Extractor  
  17  1:15  Spawning Pool  
  16  1:20  Drone  
  16  1:22  Drone  
  18  1:30  Drone  
  19  1:40  Overlord  
  19  1:53  Drone  
  20  2:02  Queen  
  20  2:03  Metabolic Boost, Zergling x2  
  20  2:08  Queen  
  23  2:12  Drone  
  23  2:15  Drone  
  27  2:19  Drone  
  28  2:25  Baneling Nest  
  28  2:27  Drone  
  28  2:30  Drone  
  28  2:34  Drone  
  30  2:41  Zergling x2  
  31  2:44  Drone  
  32  2:52  Drone  
  32  2:54  Overlord  
  33  3:03  Zergling x2  
  34  3:10  Drone  
  35  3:13  Evolution Chamber, Drone  
  35  3:16  Zergling x2  
  35  3:18  Zergling x4  
  38  3:21  Drone  
  38  3:23  Drone  
  38  3:25  Hatchery  
  38  3:26  Drone  
  40  3:30  Zergling x2  
  40  3:32  Zergling x2  
  42  3:39  Baneling, Zergling x4  
  42  3:40  Baneling  
  44  3:45  Overlord  
  44  3:47  Zerg Ground Armor Level 1  
  43  4:07  Zergling x10  
  48  4:16  Drone x3  
  51  4:18  Overlord  
  51  4:22  Baneling  
  51  4:35  Zergling x2  
  51  4:36  Baneling x2, Queen  
  51  4:37  Baneling x2  
  52  4:41  Baneling  
  52  4:42  Zergling x10  
  52  4:43  Zergling x2  
  58  4:51  Zergling x8  
  60  4:55  Zergling x2  
  60  4:56  Zergling x2  
  55  5:06  Zergling x2  
  54  5:07  Drone  
  54  5:15  Zergling x4  
  54  5:20  Zergling x4  
  58  5:22  Baneling x4  
  52  5:31  Zergling x4  
  52  5:35  Hatchery  
  50  5:40  Baneling  
  50  5:45  Zergling x2  
  50  5:46  Zergling x14  
  53  5:53  Zergling x2  
  53  5:58  Drone  
  53  6:00  Extractor  
  53  6:01  Zergling x2  
  53  6:02  Extractor  
  53  6:09  Zergling x2  
  54  6:16  Zergling x6  
  54  6:17  Zergling x2  
  56  6:20  Queen x2  
  56  6:21  Drone  
  56  6:24  Extractor  
  56  6:25  Baneling x2  
  55  6:26  Drone  
  55  6:31  Zergling x8  
  60  6:37  Baneling x3  
  57  6:41  Zergling x2  
  57  6:43  Zergling x4  
  57  6:45  Overlord  
  57  6:46  Zergling x2  
  60  6:51  Zergling x2  
  59  6:57  Drone  
  59  6:58  Drone  
  59  6:59  Drone x2  
  62  7:02  Lair  
  62  7:03  Queen, Baneling  
  62  7:04  Drone x3  
  62  7:06  Drone  
  65  7:12  Zergling x6  
  65  7:13  Zergling x2  
  58  7:15  Zergling x2  
  59  7:23  Zergling x2  
  59  7:24  Zergling x2  
  59  7:28  Zergling x8  
  61  7:32  Zergling x4  
  61  7:35  Baneling x2  
  59  7:37  Zergling x2  
  59  7:40  Drone  
  59  7:41  Zergling x8  
  62  7:50  Drone  
  63  7:53  Drone x2  
  65  7:59  Spine Crawler  
  65  8:01  Drone  
  65  8:02  Drone, Spire  
  65  8:03  Overseer  
  65  8:08  Drone  
  65  8:12  Zergling x6  
  68  8:16  Zergling x4  
  68  8:18  Zergling x2  
  71  8:20  Zergling x2  
  71  8:26  Zergling x4  
  73  8:29  Zergling x2  
  73  8:32  Baneling  
  74  8:38  Baneling x9  
  73  8:41  Zergling x2  
  71  8:50  Zergling x6  
  71  8:54  Overlord  
  73  8:57  Zergling x4  
  73  8:59  Zergling x2  
  71  9:03  Zergling x2  
  71  9:04  Zergling x2  
  71  9:09  Zergling x6  
  68  9:10  Zergling x6  

Tags
 
Add a new tag
Caveats
  • Supply blocks, unpowered buildings, or Contaminate may cause inaccurate times.
  • Supply counts are checked every 10 seconds.